AoeStats
← obivan.kenobi

Scandinavia

510567428Analyzed
1v1 RM · 2d ago on Oct 1, 2026· 51m 33s· 2 players
Game mode
Random Map
Map size
Tiny (2 player)
Population
200
Speed
Normal
Resources
Standard
Victory
Conquest
Starting age
Dark Age
Ending age
Imperial Age
RankedLock teamsTeams togetherTeam positionsShared explorationLock speedFull tech treeHidden civsTurbo modeCheats
Victory
Defeat
🇯🇵 Cumans · Japan
955
+16
🇨🇿 Khitans · Czechia
956
-16
Yuugen
10:44 Feudal Age
9:00 Loom
11:50 Double-Bit Axe
19:43 Castle Age
17:58 Horse Collar
18:32 Forging
18:37 Bloodlines
19:41 Scale Barding Armor
29:32 Wheelbarrow
35:06 Imperial Age
35:39 Hand Cart
36:11 Conscription
38:55 Cavalier
40:16 Iron Casting
40:02 Chain Barding Armor
42:10 Light Cavalry
43:13 Paladin
50:15 Spies/Treason
51:26 Demolition Ship
obivan.kenobi
7:35 Loom
11:32 Feudal Age
17:04 Double-Bit Axe
21:28 Castle Age
19:18 Domestication
21:01 Scale Barding Armor
21:07 Forging
23:06 Bow Saw
25:28 Pastoralism
43:20 Scale Mail Armor
44:19 Chain Mail Armor
Connection lost

Rejoining the realm…

Still unreachable

The connection could not be restored.

Session expired

The server has moved on; the page needs a fresh start.